AoeStats
← Michi3052

Hideout

507502261Analyzed
1v1 RM · 14d ago on Sep 18, 2026· 20m 2s· 2 players
Game mode
Random Map
Map size
Tiny (2 player)
Population
200
Speed
Normal
Resources
Standard
Victory
Conquest
Starting age
Dark Age
Ending age
Imperial Age
RankedLock teamsTeams togetherTeam positionsShared explorationLock speedFull tech treeHidden civsTurbo modeCheats
Victory
Defeat
🇪🇸 Cumans · Spain
732
+16
🇬🇧 Koreans · United Kingdom
730
-16
GreenShell94
7:01 Loom
11:10 Feudal Age
12:34 Horse Collar
12:53 Double-Bit Axe
16:17 Wheelbarrow
19:42 Forging
19:38 Scale Barding Armor
Michi3052
12:06 Feudal Age
12:13 Man-at-Arms
Connection lost

Rejoining the realm…

Still unreachable

The connection could not be restored.

Session expired

The server has moved on; the page needs a fresh start.